 Dungeon Crawl Stone Soup version 0.32-a0-975-g85d4e5bfdb (webtiles) character file.

Game seed: 9924786611083986930

135 araganzar the Chopper (level 4, 0/49 HPs)
             Began as a Demonspawn Reaver on Apr 18, 2024.
             Slain by a gnoll
             ... wielding a +0 halberd
              (8 damage)
             ... on level 2 of the Dungeon.
             The game lasted 00:06:17 (1691 turns).

araganzar the Chopper (Demonspawn Reaver)           Turns: 1691, Time: 00:06:17

Health: 0/49       AC: 22    Str: 14    XL:     4   Next: 97%
Magic:  7/7        EV:  2    Int: 13    God:
Gold:   153        SH:  0    Dex: 18    Spells: 3/7 levels left

rFire   . . .        g - +0 war axe (heavy)
rCold   . . .        (no shield)
rNeg    . . .        d - melded +0 ring mail
rPois   +            (helmet currently unavailable)
rElec   .            k - melded +0 cloak
rCorr   .            (gloves currently unavailable)
SInv    .            h - melded +0 pair of boots
Will    .....        f - amulet of regeneration {+regen, !d}
Stlth   ++           s - +6 ring of dexterity
HPRegen 1.08/turn    w - ring of wizardry {Wiz+, !d}
MPRegen 0.10/turn

%: wizardry (x1)
@: tree-form
A: stationary, stasis, torment immunity, boosted hp, (sturdy frame 1)
a: no special abilities


You were on level 2 of the Dungeon.
You were a tree.
You visited 1 branch of the dungeon, and saw 2 of its levels.

You collected 153 gold pieces.


Innate Abilities, Weirdness & Mutations

You are a tree.
Your roots penetrate the ground, keeping you stationary.
You cannot be teleported.
You are immune to unholy pain and torment.
Your maximum health is greatly increased.
Your equipment is partially melded.
((Your movements are slightly less encumbered by armour. (ER -2)))


   Skills:
 - Level 2.2 Fighting
 + Level 3.6(4.1) Axes
 - Level 2.8(3.7) Polearms
 - Level 2.0 Dodging
 - Level 2.1 Spellcasting
 - Level 3.1 Conjurations


You had 3 spell levels left.
You knew the following spells:

 Your Spells              Type           Power      Damage    Failure   Level
a - Kiss of Death         Conj/Necr      20%        2d7       5%          1
b - Fugue of the Fallen   Necr           1%         N/A       28%         3

Your spell library contained the following spells:

 Spells                   Type           Power      Damage    Failure   Level
 Momentum Strike          Conj/Tloc      10%        3d8       9%          2
 Ensorcelled Hibernation  Hex/Ice        2%         N/A       16%         2
 Hailstorm                Conj/Ice       5%         3d5       16%         3
 Anguish                  Hex/Necr       0%         N/A       65%         4

Inventory:

Hand Weapons
 a - a +0 spear
 g - a +0 heavy war axe (weapon)
   (You found it on level 1 of the Dungeon)
Missiles
 i - 4 boomerangs
Armour
 b - a +0 leather armour
 d - a +0 ring mail (melded)
   (You found it on level 1 of the Dungeon)
 h - a +0 pair of boots (melded)
   (You found it on level 1 of the Dungeon)
 k - a +0 cloak (melded)
   (You found it on level 2 of the Dungeon)
Jewellery
 f - an amulet of regeneration (around neck) {+regen, !d}
   (You found it on level 1 of the Dungeon)
 s - a +6 ring of dexterity (left branch)
   (You found it on level 2 of the Dungeon)
 w - a ring of wizardry (right branch) {Wiz+, !d}
   (You took it off a kobold on level 2 of the Dungeon)
Scrolls
 m - a scroll of vulnerability {unknown}
 n - a scroll of immolation {unknown}
 q - a scroll of revelation {unknown}
 r - 2 scrolls of brand weapon
 t - a scroll of summoning {unknown}
 v - a scroll of poison {unknown}
Potions
 c - a potion of attraction {!q}
 e - a potion of berserk rage {unknown}
 j - a potion of might {unknown}
 l - a potion of curing {unknown}
 o - a potion of lignification {!q}
 p - a potion of enlightenment {unknown}

.###.#..#### ##...###
.###........ #.# ## #.###.#
........#### #.. .# #.# #.#
######+## #.# .# #.###.# ##...##
#.## .# ##...## ##>....## #..# .#
##.### ##.......## #..###.#
#.#.##
##......(..####..)...#######....#
.'.........'((.g♣)...............
##.........####......#####.#....#
##†......## ##.##.## #.#.#.##
##.....## ####.# #.#.#.# ##...##
#.# #...#.# #####'##### #.#
#..##.# #.........# #.# #..##.#
#.###.###.# #.# #..##.#
#.###.###.# #.# #.....#


You could see a gnoll.


Message History

The gnoll hits you but does no damage.
The gnoll hits you from afar with a +0 halberd!
You take 7 damage, and have 22/33 hp.
MASSIVE DAMAGE!!
Unknown command.
You hit the gnoll. The gnoll closely misses you.
The gnoll completely misses you. The gnoll hits you with a +0 spear.
The gnoll hits you from afar with a +0 halberd!
You take 10 damage, and have 12/33 hp.
MASSIVE DAMAGE!!
You slash the gnoll!
You kill the gnoll!
The gnoll closely misses you.
The gnoll hits you from afar with a +0 halberd.
You take 2 damage, and have 10/33 hp.
The gnoll hits you with a +0 halberd!
* * * LOW HITPOINT WARNING * * *
You take 7 damage, and have 3/33 hp.
MASSIVE DAMAGE!!
You closely miss the gnoll. The gnoll closely misses you.
The gnoll barely misses you.
You regained 2 hp, and now have 5/33 hp.
Unknown command.
Okay, then.
It was a potion of lignification.
You turn into a tree.
Your +0 cloak melds into your body.
Your +0 pair of boots melds into your body.
Your +0 ring mail melds into your body.
Your roots penetrate the ground.
The gnoll hits you with a +0 halberd!
You die...

Action                     |  1- 3 |  4- 6 || total
---------------------------+-------+-------++-------
  Melee: Spear             |    35 |       ||    35
         War axe           |    91 |    43 ||   134
  Throw: Boomerang         |     2 |       ||     2
         Dart              |       |     8 ||     8
    Use: Scroll            |     2 |     1 ||     3
         Potion            |       |     2 ||     2
   Stab: Sleeping          |       |     1 ||     1
 Armour: Ring mail         |    85 |    65 ||   150
         Leather armour    |     5 |       ||     5
         Skin              |       |     1 ||     1
  Dodge: Dodged            |    76 |    55 ||   131

Levels and vault maps discovered:
D:1:      dpeg_arrival_leaves_temple_mockup, layout_loops_ring,
          chequers_ecumenical_altar_simple, hex_large
D:2:      layout_loops_corners, basic_altar, minmay_joined_circles

Notes
Turn   | Place    | Note
-------+----------+-------------------------------------------
     0 | D:1      | araganzar the Demonspawn Reaver began the quest for the
                  | Orb.
     0 | D:1      | Reached XP level 1. HP: 16/16 MP: 3/3
   144 | D:1      | Found a faded altar of an unknown god.
   161 | D:1      | Gained mutation: Your movements are slightly less
                  | encumbered by armour. (ER -2) [demonic ancestry]
   161 | D:1      | Reached XP level 2. HP: 22/22 MP: 5/5
   170 | D:1      | Reached skill level 2 in Dodging
   446 | D:1      | Reached skill level 1 in Axes
   690 | D:1      | Reached XP level 3. HP: 27/27 MP: 6/6
   827 | D:2      | Learned a level 3 spell: Fugue of the Fallen
  1063 | D:2      | Reached skill level 2 in Axes
  1141 | D:2      | Reached XP level 4. HP: 31/33 MP: 7/7
  1421 | D:2      | Reached skill level 3 in Axes
  1545 | D:2      | Found a shimmering altar of Xom.
  1689 | D:2      | HP: 3/33 [gnoll/+0 halberd (8)]
  1691 | D:2      | Slain by a gnoll

Vanquished Creatures
  2 gnolls (D:2)
  5 adders (D:2)
  3 dart slugs
  2 ribbon worms (D:2)
  8 ball pythons
  5 bats
  6 endoplasms
  2 giant cockroaches (D:2)
  4 goblins (D:1)
  5 hobgoblins
  4 quokkas (D:2)
  3 frilled lizards
  9 kobolds
  4 rats (D:1)
62 creatures vanquished.
